 Dungeon Crawl Stone Soup version 0.20-a0-351-gc9b4002 (webtiles) character file.

17817 mopl the Quickloader (level 12, -10/95 HPs)
             Began as a Formicid Hunter on Dec 26, 2016.
             Was an Elder of Okawaru.
             Mangled by a frost giant
             ... wielding a +2 battleaxe of freezing
              (28 damage)
             ... on level 10 of the Dungeon.
             The game lasted 00:37:46 (18604 turns).

mopl the Quickloader (Formicid Hunter)             Turns: 18604, Time: 00:37:47

Health: -10/95     AC: 15    Str: 23    XL:     12   Next: 87%
Magic:  18/18      EV: 12    Int: 12    God:    Okawaru [****..]
Gold:   689        SH: 18    Dex: 14    Spells: 4/11 levels left

rFire  x . .     SeeInvis +     a - +1 hand crossbow
rCold  + + .     Gourm    .     O - +0 ice dragon scales
rNeg   . . .     Faith    .     B - +0 large shield
rPois  .         Spirit   .     (helmet unavailable)
rElec  .         Reflect  .     (no cloak)
rCorr  +         Harm     .     (no gloves)
MR     +....                    j - +1 pair of boots
Stlth  ++........               (no amulet)
                                z - +2 ring of protection
                                X - ring of resist corrosion

@: mighty, heroism
A: permanent stasis, dig shafts and tunnels, four strong arms, antennae 3
a: Dig, Shaft Self, Heroism, Renounce Religion


You were on level 10 of the Dungeon.
You worshipped Okawaru.
Okawaru was greatly pleased with you.
You were not hungry.

You visited 2 branches of the dungeon, and saw 12 of its levels.

You collected 689 gold pieces.

Inventory:

Hand Weapons
 a - a +1 hand crossbow (weapon)
 b - a +0 fustibalus
 Q - a +0 shortbow
Missiles
 d - 130 bolts (quivered)
 e - 235 stones
 h - 42 sling bullets
 l - a throwing net
 o - 236 arrows
 K - 40 poisoned needles
 S - 5 tomahawks
 V - 8 poisoned javelins
 W - 6 curare-tipped needles
 Y - 4 javelins
Armour
 j - a +1 pair of boots (worn)
 A - a +0 plate armour of fire resistance
 B - a +0 large shield (worn)
 L - a +0 plate armour of poison resistance
 O - +0 ice dragon scales (worn)
 U - a +0 scale mail
Jewellery
 t - an uncursed ring of positive energy
 w - an uncursed ring of flight
 z - a +2 ring of protection (right hand)
 N - an uncursed ring of ice
 X - a ring of resist corrosion (left hand)
Wands
 g - a wand of iceblast (3/15)
 s - a wand of lightning (7/15)
 v - a wand of lightning (0/15)
 F - a wand of lightning (8/15)
Scrolls
 i - 5 scrolls of fear {unknown}
 k - 2 scrolls of enchant weapon {unknown}
 n - 5 scrolls of remove curse
 p - 2 scrolls of fog {unknown}
 r - 3 scrolls of recharging {unknown}
 x - a scroll of blinking {unknown}
 y - 3 scrolls of magic mapping {unknown}
 C - a scroll of noise {unknown}
 D - a scroll of amnesia
Potions
 c - a potion of cure mutation {!q}
 m - 2 potions of ambrosia
 u - 3 potions of resistance
 E - a potion of might
 I - 2 potions of cancellation
 M - 2 potions of flight
 T - 3 potions of curing
Comestibles
 f - 4 bread rations
 q - a chunk of flesh
 G - 19 royal jellies


   Skills:
 - Level 9.1(14.1) Fighting
 + Level 9.3(15.9) Slings
 * Level 11.8(16.8) Crossbows
 + Level 8.7(15.2) Throwing
 - Level 1.7(6.7) Dodging
 - Level 1.2(6.2) Stealth
 + Level 6.2(11.2) Shields
 - Level 8.0 Invocations


You had 4 spell levels left.
You knew the following spells:

 Your Spells              Type           Power        Failure   Level  Hunger
i - Repel Missiles        Chrm/Air       #.....       100%        2    ###....
n - Swiftness             Chrm/Air       #.......     100%        2    ###....
r - Regeneration          Chrm/Necr      #.........   100%        3    ####...


Dungeon Overview and Level Annotations

Branches:
Dungeon (11/15)            Temple (0/1) D:7            Lair (1/6) D:10
    Orc: D:9-12

Altars:
Okawaru
Ru
Xom


Innate Abilities, Weirdness & Mutations

You cannot be hasted, slowed, berserked, paralysed or teleported.
You can dig through walls and to a lower floor.
Your four strong arms can wield two-handed weapons with a shield.
You have a pair of large antennae on your head. (SInv)


Message History

* * * LOW HITPOINT WARNING * * *
The frost giant freezes you.
* * * LOW HITPOINT WARNING * * *
Unknown command.
Firing (i - inventory. (,) - cycle):
d - 132 bolts (quivered)
Press: ? - help, Shift-Dir - straight line, f/p - frost giant
Aim: a frost giant, wielding a battleaxe of freezing (lightly wounded)
You shoot a bolt. The bolt barely misses the frost giant.
The frost giant casts a spell at you. The bolt of cold hits you! You resist.
* * * LOW HITPOINT WARNING * * *
Unknown command.
Firing (i - inventory. (,) - cycle):
d - 131 bolts (quivered)
Press: ? - help, Shift-Dir - straight line, f/p - frost giant
Aim: a frost giant, wielding a battleaxe of freezing (lightly wounded)
You shoot a bolt.
The bolt hits the frost giant but does no damage.
The frost giant is lightly wounded.
The frost giant hits you with a battleaxe of freezing!!
You die...

........C..##.....### #..# ###.
....#####..#############.## #.
...># ##..###......##.).# ##.
#...## ##...............## ##.#
.....## #..####...........###..#
......####C## #......###...##.##
....#..##.## #..#...#####...###
##..##....# ##..###...###......
#..###...## ###C@..###....##.....
..........###.(.##..####.........
....###.....((..##...####......##
#..## #..#(..##..##...#...#....##
...# #..##.###..###.....###..##
...# #..##..##..###.....# #..#
#.......................## ##.#
##.......###..#..#.....## #.#
#.#....# #..##.......## #####


You could see a frost giant.

Vanquished Creatures
  Gastronok (D:10)
  Erolcha (D:10)
  Harold (D:10)
  3 two-headed ogres
  A manticore (D:8)
  A cyclops (D:10)
  2 trolls
  A queen bee (D:10)
  Prince Ribbit (D:8)
  A hornet (D:8)
  3 hippogriffs
  The ghost of ThermosAquaticus the Conjurer, an amateur TeWz (D:3)
  10 yaks
  A shadow (D:9)
  A wraith (D:10)
  A wyvern (D:9)
  2 hungry ghosts
  An acid dragon (D:10)
  2 hell hounds
  6 orc warriors
  2 phantoms
  5 ice beasts
  4 sky beasts
  2 black bears
  2 necrophages
  8 centaurs
  3 ogres
  2 big kobolds
  7 bullfrogs
  A wyvern skeleton (D:6)
  5 scorpions
  35 killer bees
  10 wights
  An electric eel (D:10)
  7 howler monkeys
  2 crimson imps (D:6)
  2 centaur zombies
  A bullfrog zombie (D:6)
  8 hounds
  5 jellies
  14 orc wizards
  8 orc priests
  4 bullfrog skeletons
  3 centaur skeletons
  2 iguanas
  5 worker ants
  A killer bee zombie (D:8)
  A hound skeleton (D:3)
  A howler monkey zombie (D:7)
  A worker ant zombie (D:7)
  2 gnolls (D:4)
  14 adders
  3 adder skeletons
  2 adder zombies
  4 worms
  2 dart slugs
  7 leopard geckos
  36 orcs
  4 bats
  6 giant cockroaches
  6 hobgoblins
  12 jackals
  22 kobolds
  10 quokkas
  2 ball pythons
  2 frilled lizards
  8 goblins
  A jackal skeleton (D:5)
  A quokka zombie (D:8)
  6 rats
  A fungus (D:3)
344 creatures vanquished.

Vanquished Creatures (others)
  A leopard gecko (D:10)
  A fungus (D:3)
  4 plants (D:11)
6 creatures vanquished.

Grand Total: 350 creatures vanquished

Notes
Turn   | Place    | Note
-------+----------+-------------------------------------------
     0 | D:1      | mopl the Formicid Hunter began the quest for the Orb.
     0 | D:1      | Reached XP level 1. HP: 16/16 MP: 1/1
   112 | D:1      | Reached XP level 2. HP: 23/23 MP: 2/2
   615 | D:2      | Reached XP level 3. HP: 28/28 MP: 3/3
   691 | D:2      | Reached skill level 3 in Fighting
  1139 | D:2      | Reached skill level 1 in Throwing
  1139 | D:2      | Reached XP level 4. HP: 33/35 MP: 4/4
  1227 | D:2      | Reached skill level 1 in Slings
  1373 | D:2      | Found an iron altar of Okawaru.
  1381 | D:2      | Became a worshipper of Warmaster Okawaru
  1971 | D:3      | Noticed ThermosAquaticus's ghost (amateur TeWz)
  2113 | D:3      | Killed ThermosAquaticus's ghost
  2113 | D:3      | Reached * piety under Okawaru
  2113 | D:3      | Reached skill level 4 in Fighting
  2113 | D:3      | Reached skill level 2 in Slings
  2113 | D:3      | Reached skill level 5 in Crossbows
  2113 | D:3      | Reached skill level 2 in Throwing
  2113 | D:3      | Reached XP level 5. HP: 4/42 MP: 5/5
  2113 | D:3      | Reached XP level 6. HP: 5/48 MP: 6/6
  2114 | D:3      | HP: 1/48 [kobold (4)]
  3181 | D:3      | Found a sacrificial altar of Ru.
  3815 | D:4      | Reached skill level 3 in Slings
  3815 | D:4      | Reached XP level 7. HP: 55/55 MP: 7/7
  4182 | D:4      | Reached skill level 3 in Throwing
  4995 | D:5      | Entered Level 5 of the Dungeon
  5023 | D:5      | Reached skill level 5 in Fighting
  5966 | D:4      | Reached ** piety under Okawaru
  5966 | D:4      | Reached skill level 4 in Slings
  5966 | D:4      | Reached XP level 8. HP: 63/63 MP: 8/8
  6051 | D:5      | Reached skill level 6 in Crossbows
  6722 | D:6      | Reached skill level 4 in Throwing
  6779 | D:6      | Reached skill level 6 in Fighting
  6852 | D:6      | Reached *** piety under Okawaru
  6902 | D:6      | Reached skill level 5 in Slings
  6915 | D:6      | Reached XP level 9. HP: 62/71 MP: 9/9
  6971 | D:6      | Reached skill level 5 in Throwing
  7343 | D:5      | Reached skill level 7 in Crossbows
  7343 | D:5      | Reached skill level 1 in Invocations
  7700 | D:6      | Reached skill level 7 in Fighting
  7748 | D:6      | Reached skill level 2 in Invocations
  8720 | D:7      | Reached skill level 6 in Slings
  9019 | D:7      | Reached **** piety under Okawaru
  9182 | D:7      | Reached skill level 1 in Shields
  9249 | D:7      | Reached skill level 3 in Invocations
  9249 | D:7      | Reached XP level 10. HP: 73/79 MP: 12/12
  9273 | D:7      | Received a gift from Okawaru
  9289 | D:7      | Reached skill level 8 in Crossbows
  9578 | D:7      | Reached skill level 6 in Throwing
  9578 | D:7      | Reached skill level 2 in Shields
  9998 | D:7      | Found a staircase to the Ecumenical Temple.
 10380 | D:8      | Reached skill level 4 in Invocations
 10413 | D:8      | Noticed Prince Ribbit
 10428 | D:8      | Killed Prince Ribbit
 10582 | D:8      | Noticed a two-headed ogre
 10599 | D:8      | Reached skill level 3 in Shields
 10716 | D:8      | Killed a two-headed ogre
 10716 | D:8      | Reached skill level 8 in Fighting
 10716 | D:8      | Reached skill level 7 in Slings
 11069 | D:8      | Found a shimmering altar of Xom.
 11069 | D:8      | Found an iron altar of Okawaru.
 11113 | D:8      | Noticed a manticore
 11196 | D:8      | Reached skill level 9 in Crossbows
 11202 | D:8      | Killed a manticore
 11202 | D:8      | Reached skill level 5 in Invocations
 11712 | D:8      | Reached XP level 11. HP: 63/87 MP: 14/14
 12007 | D:8      | Received a gift from Okawaru
 12528 | D:9      | Reached skill level 7 in Throwing
 12953 | D:9      | Reached skill level 6 in Invocations
 12977 | D:9      | Reached skill level 10 in Crossbows
 12990 | D:9      | Received a gift from Okawaru
 12990 | D:9      | Reached skill level 9 in Fighting
 13152 | D:9      | Noticed a two-headed ogre
 13161 | D:9      | Killed a two-headed ogre
 13161 | D:9      | Reached skill level 8 in Slings
 13390 | D:9      | Received a gift from Okawaru
 14031 | D:10     | Entered Level 10 of the Dungeon
 14438 | D:10     | Found a staircase to the Lair.
 14479 | Lair:1   | Entered Level 1 of the Lair of Beasts
 14499 | Lair:1   | Learned a level 2 spell: Repel Missiles
 14503 | Lair:1   | Learned a level 3 spell: Regeneration
 14506 | Lair:1   | Learned a level 2 spell: Swiftness
 14543 | D:10     | Received a gift from Okawaru
 14976 | D:10     | Noticed Erolcha
 14983 | D:10     | Killed Erolcha
 14983 | D:10     | Reached skill level 4 in Shields
 14983 | D:10     | Reached skill level 7 in Invocations
 15263 | D:10     | Reached XP level 12. HP: 95/95 MP: 17/17
 15710 | D:10     | Noticed Gastronok
 15739 | D:10     | Killed Gastronok
 15739 | D:10     | Received a gift from Okawaru
 15739 | D:10     | Reached skill level 11 in Crossbows
 15739 | D:10     | Reached skill level 8 in Throwing
 15739 | D:10     | Reached skill level 5 in Shields
 16217 | D:10     | Noticed Harold
 16275 | D:10     | HP: 4/142 [Harold/wand of lightning (?/15) (14)]
 16279 | D:10     | Killed Harold
 16279 | D:10     | Reached skill level 9 in Slings
 16767 | D:10     | Reached skill level 8 in Invocations
 17134 | D:10     | Received a gift from Okawaru
 17490 | D:10     | Reached skill level 6 in Shields
 18133 | D:10     | Noticed a frost giant
 18140 | D:11     | Noticed a two-headed ogre
 18163 | D:11     | Killed a two-headed ogre
 18604 | D:10     | Mangled by a frost giant

Vault maps used:
D:1:      enne_arrival_octagon_isle, minmay_pentomino_t2
D:2:      okawaru_ov_weapons_minmay
D:3:      minmay_gold_behind_fungi, nicolae_ru_path_of_blood
D:4:      wad_woods_tower, first_bread, minmay_misc_feat_four_crosses
D:5:      mumra_celtic_spiral_tile
D:6:      serial_bayou_pond_d
D:8:      jmf_multi_god_temple, uniq_prince_ribbit1
D:10:     cheibrodos_helix_gallery, minmay_lair_entry_lava, special_room,
          uniq_gastronok, uniq_harold, uniq_erolcha
D:11:     david_orc_4, serial_shops, shop, hangedman_ranch, hex_medium
Lair:1:   serial_bayou_pond_a, st_stairs_12, beast_lair_carwin_3

Skill      XL: |  1  2  3  4  5  6  7  8  9 10 11 12 |
---------------+-------------------------------------+-----
Fighting       | 3 4 5 6 7 8 9 |  9.1
Throwing       | 1 2 3 4 5 6 7 8 |  8.7
Slings         | 2 3 4 5 6 7 8 9 |  9.3
Crossbows      | 5 6 7 9 10 11 | 11.8
Invocations    | 3 5 7 8 |  8.0
Shields        | 1 3 4 6 |  6.2
Dodging        | |  1.7
Stealth        | |  1.2

Action                   |  1- 3 |  4- 6 |  7- 9 | 10-12 || total
-------------------------+-------+-------+-------+-------++-------
 Fire: Hand crossbow     |    32 |    30 |    73 |   172 ||   307
       Hunting sling     |    34 |   167 |   501 |  1216 ||  1918
       Fustibalus        |       |       |       |    27 ||    27
Throw: Tomahawk          |       |       |     5 |       ||     5
Invok: Heroism           |       |       |     5 |    30 ||    35
 Abil: Dig               |       |     2 |     5 |     3 ||    10
Evoke: Wand              |       |       |       |    10 ||    10
  Use: Scroll            |       |       |    11 |     2 ||    13
       Potion            |       |       |     1 |     8 ||     9
  Eat: Chunk             |       |     9 |    16 |    19 ||    44
       Fruit             |       |       |       |     6 ||     6
       Beef jerky        |       |       |       |     1 ||     1
       Meat ration       |       |       |       |     1 ||     1
Armor: Leather armour    |     6 |    14 |       |       ||    20
       Ring mail         |       |    25 |    72 |       ||    97
       Ice dragon scales |       |       |     2 |     3 ||     5
       Scale mail        |       |       |    27 |   209 ||   236
       Skin              |       |       |       |    28 ||    28
Dodge: Dodged            |    11 |    44 |   147 |   244 ||   446
Block: Buckler           |     1 |    15 |    47 |    78 ||   141
       Large shield      |       |       |       |   350 ||   350
